 Dungeon Sprint DCSS version 0.23.0 (webtiles) character file.

Game seed: 1467333288297418899

17400000 Fang the Conqueror (level 27, -24431/266 HPs)
             Began as a Demonspawn Gladiator on Feb 13, 2019.
             Was the Champion of Makhleb.
             Annihilated by The Meatlord
             ... wielding the +7 sceptre of Torment {pain, torment}
              (24570 damage)
             ... in the Dungeon (Sprint VIII: "Arena of Blood").
             The game lasted 00:02:03 (174 turns).

Fang the Conqueror (Demonspawn Gladiator)            Turns: 174, Time: 00:02:04

Health: -24431/266 AC:  9    Str: 31    XL:     27
Magic:  54/54      EV: 39    Int: 11    God:    Makhleb [******]
Gold:   0          SH:  0    Dex: 20    Spells: 80/80 levels left

rFire    . . .     SeeInvis .   l - +∞ Axe of Woe
rCold    . . .     Gourm    .   (shield currently unavailable)
rNeg     + . .     Faith    .   b - +0 leather armour
rPois    .         Spirit   .   (helmet unavailable)
rElec    .         Reflect  .   (no cloak)
rCorr    .         Harm     .   (no gloves)
MR       ++...     NoTele   +   (no boots)
Stlth    ++++++++++             (no amulet)
HPRegen  0.54/turn              (no ring)
MPRegen  0.34/turn              (no ring)

@: mighty, agile
A: horns 3, rugged brown scales 3, negative energy resistance 1, powered by pain
3, spiny 3, 50% torment resistance, black mark
a: Minor Destruction, Lesser Servant of Makhleb, Major Destruction, Greater
Servant of Makhleb, Renounce Religion


You were in the Dungeon.
You worshipped Makhleb.
Makhleb was exalted by your worship.
You were not hungry.

You visited 1 branch

Inventory:

Hand Weapons
 a - a +0 war axe
 l - the +∞ Axe of Woe (weapon)
   (You found it in the Dungeon)
Missiles
 d - 3 throwing nets (quivered)
Armour
 b - a +0 leather armour (worn)
 c - a +0 helmet
Scrolls
 k - a scroll of blinking
Potions
 e - a potion of curing
 g - a potion of heal wounds
 h - a potion of haste
 i - 2 potions of magic
 j - a potion of berserk rage
Comestibles
 f - a ration


   Skills:
 O Level 27 Fighting
 O Level 27 Axes
 O Level 27 Throwing
 O Level 27 Armour
 O Level 27 Dodging
 O Level 27 Stealth
 O Level 27 Unarmed Combat
 O Level 27 Spellcasting
 O Level 27 Invocations


You had 80 spell levels left.
You didn't know any spells.
Your spell library was empty.

Dungeon Overview and Level Annotations

Branches:
Dungeon (1/1)

Altars:
Makhleb

Annotations:
D The Meatlord


Innate Abilities, Weirdness & Mutations

You have a pair of large horns on your head.
You are completely covered in rugged brown scales. (AC +3, +7% HP)
You resist negative energy. (rN+)
You are powered by pain.
You are completely covered in sharp spines.
You are somewhat able to resist unholy torments (1 in 2 success).
Your melee attacks may debilitate your foes.


Message History

You slice the Tzitzimitl!!
You cleave the Tzitzimitl in twain.
You kill the Tzitzimitl!
The ball lightning explodes!
The blast of lightning engulfs the bag of meat!
The blast of lightning engulfs the Tzitzimitl.
The Tzitzimitl resists.
The blast of lightning engulfs you.
The blast of lightning engulfs The Meatlord but does no damage.
You hear a shout! x5
A bag of meat comes into view. It is wielding a +9 war axe.
The ball lightning explodes!
The blast of lightning engulfs the Tzitzimitl.
The Tzitzimitl resists.
The blast of lightning engulfs The Meatlord.
The Meatlord completely resists.
The blast of lightning engulfs you!
The blast of lightning engulfs the ball lightning.
The ball lightning completely resists.
You hear a shout!
The Meatlord shouts, "Thy throat shall be my luncheon!"
The Meatlord hits you with the +7 sceptre of Torment {pain, torment}!!!!!!!!!!!!
Ouch! That really hurt!
You die...

. #.......#...
..#......###.......###.
. .............###.%....
.. ....#o......._...))))
.. .#o......#.....#))))
###. o.......#_.<._#.)))
#....#..o....#..).)#))))
......&#)....%.._)..)...
......1@)))....###))...%
........))###....)))###.
........))).#%..%...#...
.........)))#.......#...
...#......)..........)).
..#.#.#.......%..)...)..
...#.#.......))))).)...#
.#.#.#..........).).##%
.#.#.....#........#...


You could see The Meatlord, a Tzitzimitl and 4 bags of meat.

Vanquished Creatures
  4 vampire knights (D)
  23 ogres (D)
  6 two-headed ogres (D)
  121 orcs (D)
  8 ball lightnings (D)
162 creatures vanquished.

Vanquished Creatures (others)
  10 ball lightnings (D)
10 creatures vanquished.

Grand Total: 172 creatures vanquished

Notes
Turn   | Place    | Note
-------+----------+-------------------------------------------
     0 | D        | Found the +∞ Axe of Woe
     0 | D        | Fang the Demonspawn Gladiator began the quest for the Orb.
     0 | D        | Reached XP level 1. HP: 16/16 MP: 1/1
     2 | D        | Noticed a bag of meat
     4 | D        | Became a worshipper of Makhleb the Destroyer
     5 | D        | Noticed a bag of meat
     7 | D        | Noticed a bag of meat
     9 | D        | Noticed a bag of meat
    10 | D        | Noticed a bag of meat
    11 | D        | Noticed a bag of meat
    12 | D        | Killed a bag of meat
    12 | D        | Gained mutation: You are partially covered in rugged brown
                  | scales. (AC +1, +3% HP) [demonic ancestry]
    12 | D        | Reached XP level 2. HP: 36/44 MP: 2/2
    12 | D        | Reached XP level 3. HP: 40/50 MP: 3/3
    12 | D        | Gained mutation: You sometimes gain a little power by
                  | taking damage. [demonic ancestry]
    12 | D        | Reached XP level 4. HP: 46/57 MP: 4/4
    12 | D        | Gained mutation: You have a pair of small horns on your
                  | head. [demonic ancestry]
    12 | D        | Reached XP level 5. HP: 51/63 MP: 5/5
    12 | D        | Gained mutation: You sometimes gain power by taking damage.
                  | [demonic ancestry]
    12 | D        | Reached XP level 6. HP: 58/71 MP: 6/6
    12 | D        | Gained mutation: You are mostly covered in rugged brown
                  | scales. (AC +2, +5% HP) [demonic ancestry]
    12 | D        | Reached XP level 7. HP: 58/78 MP: 7/7
    12 | D        | Reached XP level 8. HP: 64/86 MP: 8/8
    12 | D        | Reached XP level 9. HP: 68/92 MP: 9/9
    12 | D        | Reached XP level 10. HP: 73/99 MP: 10/10
    12 | D        | Reached XP level 11. HP: 78/106 MP: 11/11
    12 | D        | Noticed a bag of meat
    12 | D        | Noticed a bag of meat
    12 | D        | Noticed a bag of meat
    12 | D        | Noticed a bag of meat
    13 | D        | Killed a bag of meat
    13 | D        | Reached * piety under Makhleb
    13 | D        | Reached skill level 15 in Axes
    13 | D        | Reached skill level 15 in Throwing
    13 | D        | Reached skill level 15 in Dodging
    13 | D        | Gained mutation: You are partially covered in sharp spines.
                  | [demonic ancestry]
    13 | D        | Reached XP level 12. HP: 88/118 MP: 12/12
    14 | D        | Noticed a large bag of meat
    14 | D        | Noticed a bag of meat
    15 | D        | Killed a bag of meat
    15 | D        | Gained mutation: You have a pair of horns on your head.
                  | [demonic ancestry]
    15 | D        | Reached XP level 13. HP: 96/128 MP: 13/13
    15 | D        | Noticed a meat berserker
    16 | D        | Killed a bag of meat
    16 | D        | Gained mutation: You are mostly covered in sharp spines.
                  | [demonic ancestry]
    16 | D        | Reached XP level 14. HP: 105/139 MP: 14/14
    16 | D        | Noticed a bag of meat
    17 | D        | Killed a bag of meat
    17 | D        | Reached ** piety under Makhleb
    18 | D        | Killed a bag of meat
    18 | D        | Gained mutation: You have a pair of large horns on your
                  | head. [demonic ancestry]
    18 | D        | Reached XP level 15. HP: 151/151 MP: 15/15
    19 | D        | Killed a meat berserker
    19 | D        | Reached *** piety under Makhleb
    19 | D        | Gained mutation: You are completely covered in sharp
                  | spines. [demonic ancestry]
    19 | D        | Reached XP level 16. HP: 164/164 MP: 16/16
    22 | D        | HP: 6/166 [bag of meat/+9 war axe (29)]
    23 | D        | Killed a large bag of meat
    23 | D        | Reached **** piety under Makhleb
    23 | D        | Gained mutation: You resist negative energy. (rN+) [demonic
                  | ancestry]
    23 | D        | Reached XP level 17. HP: 31/179 MP: 17/17
    26 | D        | Reached skill level 27 in Fighting
    26 | D        | Gained mutation: You are powered by pain. [demonic
                  | ancestry]
    26 | D        | Reached XP level 18. HP: 106/191 MP: 18/18
    26 | D        | Reached ***** piety under Makhleb
    28 | D        | Reached skill level 27 in Axes
    28 | D        | Reached skill level 27 in Throwing
    28 | D        | Reached skill level 27 in Dodging
    28 | D        | Reached skill level 5 in Stealth
    28 | D        | Noticed a meat berserker
    31 | D        | Reached skill level 10 in Stealth
    34 | D        | Killed a meat berserker
    34 | D        | Reached XP level 19. HP: 191/198 MP: 30/35
    34 | D        | Noticed a meat berserker
    37 | D        | Noticed a large bag of meat
    38 | D        | Reached ****** piety under Makhleb
    38 | D        | Reached skill level 15 in Armour
    38 | D        | Reached skill level 15 in Unarmed Combat
    38 | D        | Reached skill level 15 in Spellcasting
    40 | D        | Killed a meat berserker
    40 | D        | Gained mutation: You are somewhat able to resist unholy
                  | torments (1 in 2 success). [demonic ancestry]
    40 | D        | Reached XP level 20. HP: 206/206 MP: 31/41
    40 | D        | Noticed a large bag of meat
    40 | D        | Noticed a meat berserker
    42 | D        | Killed a large bag of meat
    44 | D        | Noticed a meat berserker
    45 | D        | Noticed a meat berserker
    47 | D        | Killed a meat berserker
    47 | D        | Reached skill level 27 in Invocations
    47 | D        | Gained mutation: You are completely covered in rugged brown
                  | scales. (AC +3, +7% HP) [demonic ancestry]
    47 | D        | Reached XP level 21. HP: 206/218 MP: 44/46
    48 | D        | Reached XP level 22. HP: 226/226 MP: 44/51
    48 | D        | Killed a large bag of meat
    48 | D        | Reached skill level 27 in Stealth
    48 | D        | Reached skill level 27 in Armour
    48 | D        | Reached skill level 27 in Unarmed Combat
    48 | D        | Reached skill level 27 in Spellcasting
    52 | D        | Reached XP level 23. HP: 234/234 MP: 54/54
    56 | D        | Reached XP level 24. HP: 242/242 MP: 54/54
    58 | D        | Noticed a large bag of meat
    58 | D        | Noticed a large bag of meat
    60 | D        | Noticed a destroyer
    60 | D        | Reached XP level 25. HP: 250/250 MP: 54/54
    60 | D        | Noticed a destroyer
    63 | D        | Killed a destroyer
    65 | D        | Reached XP level 26. HP: 258/258 MP: 54/54
    68 | D        | Killed a large bag of meat
    69 | D        | Killed a destroyer
    69 | D        | Gained mutation: Your melee attacks may debilitate your
                  | foes. [demonic ancestry]
    69 | D        | Reached XP level 27. HP: 266/266 MP: 54/54
    70 | D        | Killed a large bag of meat
    70 | D        | Noticed a destroyer
    82 | D        | Killed a destroyer
   103 | D        | Noticed a large bag of meat
   108 | D        | Killed a large bag of meat
   141 | D        | Noticed a destroyer
   152 | D        | Killed a destroyer
   153 | D        | Noticed The Meatlord
   174 | D        | Annihilated by The Meatlord

Skill      XL: |  1  2  3  4  5  6  7  8  9 10 11 12 13 14 15 16 17 18 19 20 21 22 |
---------------+-------------------------------------------------------------------+-----
Fighting       | 14 16 18 19 21 23 26 27 | 27.0
Axes           | 13 15 17 18 19 22 24 26 27 | 27.0
Throwing       | 13 15 16 18 19 21 24 26 27 | 27.0
Dodging        | 13 15 17 18 19 22 24 26 27 | 27.0
Armour         | 12 17 21 25 27 | 27.0
Stealth        | 13 18 23 26 27 | 27.0
Unarmed Combat | 12 17 21 25 27 | 27.0
Spellcasting   | 12 17 21 25 27 | 27.0
Invocations    | 17 23 27 | 27.0

Action                   |  1- 3 |  4- 6 |  7- 9 | 10-12 | 13-15 | 16-18 | 19-21 | 22-24 | 25-27 || total
-------------------------+-------+-------+-------+-------+-------+-------+-------+-------+-------++-------
Melee: Executioner's axe |     1 |       |       |     2 |     4 |     7 |     8 |    10 |    70 ||   102
 Stab: Distracted        |       |       |       |       |       |       |       |       |     4 ||     4
Armor: Leather armour    |       |       |       |       |       |       |       |       |     1 ||     1
Dodge: Dodged            |       |       |       |     1 |       |       |     5 |       |    10 ||    16
